 Dungeon Crawl Stone Soup version 0.29.1-15-g9cfb28693d (webtiles) character file.

Game seed: 6053302818502943275

31 FaviusArthum the Magician (level 3, -4/25 HPs)
             Began as a Djinni Necromancer on Dec 5, 2023.
             Frozen to death by an endoplasm (6 damage)
             ... on level 1 of the Dungeon.
             The game lasted 00:08:43 (2614 turns).

FaviusArthum the Magician (Djinni Necromancer)      Turns: 2614, Time: 00:08:43

Health: -4/25      AC:  9    Str:  7    XL:     3   Next: 40%
Gold:   65         EV:  2    Int: 18    God:
                   SH:  0    Dex: 13

rFire   + + .      SeeInvis .   d - +0 whip
rCold   x . .      Faith    .   (no shield)
rNeg    . . .      Spirit   .   c - +0 chain mail
rPois   ∞          Reflect  .   (no helmet)
rElec   .          Harm     .   (no cloak)
rCorr   .          Rampage  .   f - +0 pair of gloves
Will    .....                   (boots unavailable)
Stlth   ..........              (no amulet)
HPRegen 0.08/turn               (no ring)
MPRegen 0.00/turn               (no ring)

@: flying
A: sickness immunity, fire resistance 2, cold vulnerability 1, float, innate
caster, HP casting, extra vitality 1
a: no special abilities


You were on level 1 of the Dungeon.
You visited 1 branch of the dungeon, and saw 1 of its levels.

You collected 65 gold pieces.

Inventory:

Hand Weapons
 b - a +1 short sword
 d - a +0 whip (weapon)
Armour
 a - a +0 robe
 c - a +0 chain mail (worn)
 f - a +0 pair of gloves (worn)
Scrolls
 i - a scroll of fear {unknown}
Potions
 e - a potion of mutation {unknown}
 g - a potion of attraction {unknown}


   Skills:
 + Level 0.1 Maces & Flails
 * Level 0.5 Armour
 + Level 2.4 Dodging
 + Level 1.6 Stealth
 * Level 3.8 Spellcasting


You couldn't memorise any spells.
You knew the following spells:

 Your Spells              Type           Power      Damage    Failure   Level
a - Necrotise             Necr           68%        1d7       100%        1
b - Vampiric Draining     Necr           17%        2d7       100%        3
c - Animate Dead          Necr           17%        N/A       100%        4
d - Agony                 Necr           17%        N/A       100%        5
e - Slow                  Hex            68%        N/A       100%        1
Your spell library was empty.


Dungeon Overview and Level Annotations

Branches:
Dungeon (1/15)

Altars:


Innate Abilities, Weirdness & Mutations

You are immune to sickness and miasma.
You are immune to poison.
Your flesh is very heat resistant. (rF++)
You are vulnerable to cold. (rC-)
You float through the air rather than walking.
You learn spells naturally, not from books.
Your magical power is your life essence.
You have superior vitality. (+4 MHP)


Message History

You closely miss the frilled lizard.
The frilled lizard bites you but does no damage.
You miss the frilled lizard.
The frilled lizard bites you but does no damage.
You miss the frilled lizard. The frilled lizard bites you.
You hit the frilled lizard.
You kill the frilled lizard!
You closely miss the kobold. The kobold hits you with a +0 club.
You closely miss the kobold. The kobold hits you with a +0 club. x2
You closely miss the kobold. The kobold hits you but does no damage.
You closely miss the kobold. The kobold hits you but does no damage.
You closely miss the kobold. The kobold hits you with a +0 club.
You closely miss the kobold. The kobold hits you with a +0 club.
You miss the kobold. The kobold hits you with a +0 club.
* * * LOW HITPOINT WARNING * * *
You hit the kobold but do no damage. The kobold hits you but does no damage.
You closely miss the kobold. The kobold hits you but does no damage.
You hit the kobold.
The kobold is severely wounded.
The kobold hits you but does no damage.
You closely miss the kobold.
The kobold is severely wounded.
The kobold hits you with a +0 club.
* * * LOW HITPOINT WARNING * * *
You barely miss the kobold.
The kobold is severely wounded.
The kobold hits you but does no damage. The kobold hits you with a +0 club.
* * * LOW HITPOINT WARNING * * *
You closely miss the kobold.
The kobold is severely wounded.
The kobold hits you but does no damage.
You hit the kobold.
You kill the kobold!
Things that are here:
a +0 club; 2 stones; a kobold corpse An endoplasm comes into view.
You completely miss the endoplasm. The endoplasm freezes you.
You are frozen.
You feel a terrible chill!
You die...

### #.###########.
#...........#. ##
#.#########.#. .. #
#.# #.#.## .#. #.#
#.#......
#.#########.#..#.#####
#.#.....)...#..J......
#.#.##.#######@.#
###.# .#..........#
....#....########.#
##.....### .# #.†##..#
.# ##..#..# .. #.#
...##..# ## #.#
##.....# #.# ####..#
#.#


You could see an endoplasm.

Vanquished Creatures
  A ball python (D:1)
  2 endoplasms (D:1)
  2 giant cockroaches (D:1)
  2 goblins (D:1)
  5 hobgoblins (D:1)
  2 kobolds (D:1)
  2 quokkas (D:1)
  A bat (D:1)
  3 frilled lizards (D:1)
  5 rats (D:1)
25 creatures vanquished.

Vanquished Creatures (collateral kills)
  An endoplasm (D:1)
  A hobgoblin (D:1)
2 creatures vanquished.

Grand Total: 27 creatures vanquished

Notes
Turn   | Place    | Note
-------+----------+-------------------------------------------
     0 | D:1      | FaviusArthum the Djinni Necromancer began the quest for the
                  | Orb.
     0 | D:1      | FaviusArthum set off with the following spells memorised:
                  | Necrotise, Vampiric Draining, Animate Dead, Agony.
     0 | D:1      | Reached XP level 1. HP: 15/15 MP: 0/0
   675 | D:1      | Reached XP level 2. HP: 12/21 MP: 0/0
   917 | D:1      | Found a faded altar of an unknown god.
  1969 | D:1      | Reached XP level 3. HP: 23/25 MP: 0/0
  1969 | D:1      | Learned a level 1 spell: Slow
  2600 | D:1      | HP: 1/25 [kobold/+0 club (3)]
  2614 | D:1      | Frozen to death by an endoplasm

Illustrated notes

Levels and vault maps discovered:
D:1:      sevenhm_arrival_forest_fort_small_5, layout_basic,
          shapermc_ecumenical_altar_acropolis, minivault_23, minmay_pentomino_u2

Action                   || total
-------------------------++-------
Melee: Short sword       ||    13
       Whip              ||    81
       Punch             ||     1
 Cast: Necrotise         ||    23
  Use: Scroll            ||     2
 Stab: Sleeping          ||     1
Armor: Chain mail        ||    28
       Robe              ||     9
Dodge: Dodged            ||    42
